 Dungeon Crawl Stone Soup version 0.31-a0-174-g85c54bcb58 (webtiles) character file.

Game seed: 8985457498519069220

351 qw the Chopper (level 6, -1/38 HPs)
             Began as a Gargoyle Fighter on June 15, 2023.
             Was an Initiate of Okawaru.
             Slain by an orc priest
             ... wielding a +0 whip
              (4 damage)
             ... on level 4 of the Dungeon.
             The game lasted 00:02:08 (3565 turns).

qw the Chopper (Gargoyle Fighter)                   Turns: 3565, Time: 00:02:09

Health: -1/38      AC: 14    Str: 21    XL:     6   Next: 61%
Magic:  6/6        EV: 12    Int: 12    God:    Okawaru [......]
Gold:   234        SH:  4    Dex:  9    Spells: 5/5 levels left

rFire   . . .        Y - +0 war axe
rCold   . . .        c - +0 buckler
rNeg    + . .        o - +0 chain mail
rPois   inf          k - +1 hat {Int+3}
rElec   +            (no cloak)
rCorr   .            (no gloves)
SInv    .            (no boots)
Will    .....        (no amulet) Stlth
                     g - +5 ring of evasion
HPRegen 0.26/turn    (no ring)
MPRegen 0.10/turn

%: no passive effects
@: no status effects
A: sickness immunity, AC +4, negative energy resistance 1, electricity
resistance, torment resistance 1, petrification resistance
a: Renounce Religion


You were on level 4 of the Dungeon.
You worshipped Okawaru.
Okawaru was noncommittal.
You visited 2 branches of the dungeon, and saw 5 of its levels.

You collected 234 gold pieces.


Innate Abilities, Weirdness & Mutations

You are immune to sickness and miasma.
Your stone body is resilient. (AC +4)
You are immune to poison.
You resist negative energy. (rN+)
You are resistant to electric shocks. (rElec)
You are resistant to unholy torment.
You are immune to petrification.


   Skills:
 - Level 4.0 Fighting
 + Level 5.9 Axes
 - Level 3.2 Armour
 - Level 3.2 Shields


You had 5 spell levels left.
You didn't know any spells.
Your spell library was empty.

Inventory:

Hand Weapons
 h - a +0 flail
 Y - a +0 war axe (weapon)
Armour
 c - a +0 buckler (worn)
 k - a +1 hat of intelligence (worn)
 o - a +0 chain mail (worn)
Jewellery
 g - a +5 ring of evasion (left hand)
 j - a ring of resist corrosion
 m - an amulet of guardian spirit
Wands
 b - a wand of digging (3)
Scrolls
 a - a scroll of identify
 e - a scroll of revelation {unknown}
Potions
 d - a potion of might
 f - 3 potions of curing
 i - a potion of mutation
 l - a potion of lignification
 p - a potion of heal wounds {unknown}

Dungeon Overview and Level Annotations

Branches:
Dungeon (4/15)             Temple (1/1) D:4

Altars:
Ashenzari
Cheibriados
Elyvilon
Fedhas
Gozag
Kikubaaqudgha
Makhleb
Nemelex Xobeh
Okawaru
Qazlal
Ru
Sif Muna
Vehumet
Wu Jian
Xom
Yredelemnul
Zin
The Shining One

Annotations:
D:2 1 runed translucent door, Crazy Yiuf


Message History

You kill the orc!
Okawaru accepts your kill.
You closely miss the orc priest.
The orc priest hits you but does no damage. x2
You barely miss the orc priest.
A goblin comes into view. It is wielding a +0 dagger.
The orc priest calls down the wrath of Beogh upon you.
Beogh smites you!
The goblin shouts!
You barely miss the orc priest.
The orc priest calls down the wrath of Beogh upon you.
Pain shoots through your body!
You hit the orc priest.
The orc priest is lightly wounded.
The orc priest barely misses you.
You closely miss the orc priest.
The orc priest is lightly wounded.
The orc priest invokes the aid of Beogh against you.
Beogh smites you!
The orc priest looks encouraged for a moment.
You closely miss the orc priest.
The orc priest is lightly wounded.
The orc priest completely misses you.
You barely miss the orc priest.
The orc priest is lightly wounded.
The orc priest calls down the wrath of Beogh upon you.
Pain shoots through your body!
You hit the orc priest but do no damage.
The orc priest is lightly wounded.
The orc priest hits you with a +0 whip.
You barely miss the orc priest.
The orc priest is lightly wounded.
The orc priest hits you but does no damage.
You hit the orc priest.
The orc priest is heavily wounded.
The orc priest barely misses you. The orc priest hits you with a +0 whip.
You barely miss the orc priest.
The orc priest is heavily wounded.
The orc priest hits you with a +0 whip.
You die...

.>## ##.# ...#
#..# ...###
#..# .....####
#.##
..#>....####
#.#
.#####.....####
#.# ##
####.....###.#
####......#
###..@)#
####o###
#g))####
#.#....####
#.#####....####
#.. ##........#
# #o#
##......###. ..
.# ##.......##
. ..
#.........#


You could see an orc priest and a goblin.

Vanquished Creatures
  A scorpion (D:4)
  A gnoll bouda (D:4)
  A sleepcap (D:4)
  7 gnolls (D:4)
  5 adders
  2 dart slugs
  2 worms
  8 orcs
  5 ball pythons
  8 bats
  10 endoplasms
  5 giant cockroaches
  12 goblins
  8 hobgoblins
  3 jackals (D:3)
  4 quokkas (D:1)
  5 frilled lizards
  8 kobolds
  10 rats
105 creatures vanquished.

Notes
Turn   | Place    | Note
-------+----------+-------------------------------------------
     0 | D:1      | qw the Gargoyle Fighter began the quest for the Orb.
     0 | D:1      | Reached XP level 1. HP: 14/14 MP: 1/1
     0 | D:1      | 0 ||| qw: Version: 0.2-a-29-g511e9b1
     0 | D:1      | 0 ||| qw: Game counter: 5557
     0 | D:1      | 0 ||| qw: Always use a shield: true
     0 | D:1      | 0 ||| qw: God list: Okawaru
     0 | D:1      | 0 ||| qw: Allow faded altars: false
     0 | D:1      | 0 ||| qw: Do Orc after D:15 true
     0 | D:1      | 0 ||| qw: Do second Lair branch before Depths: true
     0 | D:1      | 0 ||| qw: Lair rune preference: random
     0 | D:1      | 0 ||| qw: Plans: Normal, Zot:1-4, Slime:5, God:TSO, Crypt,
                  | Tomb, Abyss, Pan, Hells, Win
     0 | D:1      | 0 ||| PLANNING D:1-11
    67 | D:1      | Reached skill level 2 in Axes
    71 | D:1      | 71 ||| Stepping ~*~*~tactically~*~*~ (stealth).
   108 | D:1      | Reached XP level 2. HP: 19/19 MP: 2/2
   155 | D:1      | 155 ||| FLEEEEING.
   156 | D:1      | 156 ||| FLEEEEING.
   172 | D:1      | Reached skill level 3 in Axes
   191 | D:1      | Found a faded altar of an unknown god.
   215 | D:1      | Reached XP level 3. HP: 19/23 MP: 3/3
   749 | D:1      | 749 ||| DRINKING 2 silvery potions.
   809 | D:2      | 809 ||| Stepping ~*~*~tactically~*~*~ (hiding).
   812 | D:2      | 812 ||| Stepping ~*~*~tactically~*~*~ (hiding).
   908 | D:2      | 908 ||| FLEEEEING.
   909 | D:2      | 909 ||| FLEEEEING.
   910 | D:2      | 910 ||| FLEEEEING.
   911 | D:2      | 911 ||| FLEEEEING.
   925 | D:2      | 925 ||| Stepping ~*~*~tactically~*~*~ (stealth).
   959 | D:2      | Reached XP level 4. HP: 28/28 MP: 4/4
   997 | D:2      | Found a runed translucent door.
   998 | D:2      | Noticed Crazy Yiuf
  1146 | D:2      | 1146 ||| Stepping ~*~*~tactically~*~*~ (stealth).
  1148 | D:2      | 1148 ||| Stepping ~*~*~tactically~*~*~ (stealth).
  1322 | D:2      | 1322 ||| Stepping ~*~*~tactically~*~*~ (stealth).
  1329 | D:2      | 1329 ||| Stepping ~*~*~tactically~*~*~ (hiding).
  1338 | D:2      | Reached skill level 4 in Axes
  1457 | D:2      | Found a blossoming altar of Fedhas.
  1626 | D:2      | 1626 ||| Stepping ~*~*~tactically~*~*~ (stealth).
  1627 | D:2      | 1627 ||| Stepping ~*~*~tactically~*~*~ (stealth).
  1641 | D:2      | 1641 ||| Stepping ~*~*~tactically~*~*~ (stealth).
  1785 | D:2      | 1785 ||| UPGRADING to +1 hat of intelligence.
  1790 | D:2      | 1790 ||| UPGRADING to +5 ring of evasion.
  1791 | D:2      | 1791 ||| READING 3 scrolls labelled VUTUDO XIKHIMP.
  1792 | D:2      | 1792 ||| READING scroll labelled HEUHAVOCAO.
  1793 | D:2      | 1793 ||| READING 2 scrolls of identify.
  1793 | D:2      | 1793 ||| IDENTIFYING murky blue potion
  1938 | D:3      | 1938 ||| Stepping ~*~*~tactically~*~*~ (stealth).
  2259 | D:3      | 2259 ||| DROPPING +0 club.
  2430 | D:3      | Reached XP level 5. HP: 30/32 MP: 5/5
  2718 | D:3      | 2718 ||| UPGRADING to +0 chain mail.
  2728 | D:3      | 2728 ||| DROPPING +0 scale mail.
  2729 | D:3      | 2729 ||| UPGRADING to amulet of guardian spirit.
  2734 | D:3      | 2734 ||| READING scroll labelled VIX AR PORCHUL.
  2735 | D:3      | 2735 ||| READING scroll labelled NAPTOSUTAGUI.
  2736 | D:3      | 2736 ||| READING scroll labelled ANOUVO JUQUTS.
  2737 | D:3      | 2737 ||| READING scroll labelled SOLUJEISUE.
  2738 | D:3      | 2738 ||| DRINKING 2 metallic red potions.
  2826 | D:4      | Found a white marble altar of Elyvilon.
  2827 | D:4      | Found an ancient bone altar of Kikubaaqudgha.
  2827 | D:4      | Found a shimmering altar of Xom.
  2839 | D:4      | Found a basalt altar of Yredelemnul.
  2960 | D:4      | Reached skill level 5 in Axes
  2986 | D:4      | Found a shimmering blue altar of Sif Muna.
  3065 | D:4      | Reached XP level 6. HP: 38/38 MP: 6/6
  3088 | D:4      | 3088 ||| Stepping ~*~*~tactically~*~*~ (stealth).
  3090 | D:4      | 3090 ||| Stepping ~*~*~tactically~*~*~ (hiding).
  3260 | D:4      | Found a staircase to the Ecumenical Temple.
  3261 | D:4      | 3261 ||| PLANNING TEMPLE
  3269 | Temple   | Entered the Ecumenical Temple
  3311 | Temple   | 3311 ||| PLANNING OKAWARU WORSHIP
  3320 | Temple   | Became a worshipper of Warmaster Okawaru
  3321 | Temple   | 3321 ||| PLANNING D:1-11
  3321 | Temple   | 3321 ||| REMOVING amulet of guardian spirit.
  3356 | D:4      | 3356 ||| Stepping ~*~*~tactically~*~*~ (hiding).
  3359 | D:4      | 3359 ||| Stepping ~*~*~tactically~*~*~ (hiding).
  3371 | D:4      | HP: 6/38 [gnoll/+0 spear (4)]
  3494 | D:4      | 3494 ||| DROPPING +0 whip.
  3548 | D:4      | 3548 ||| Stepping ~*~*~tactically~*~*~ (hiding).
  3561 | D:4      | HP: 6/38 [orc priest/nerve-wracking pain (4)]
  3564 | D:4      | HP: 2/38 [orc priest/+0 whip (4)]
  3565 | D:4      | Slain by an orc priest

Levels and vault maps discovered:
D:1:      nagdon_arrival_zigzag_paths, layout_basic, basic_ecumenical_altar
D:2:      minmay_angry_zag, layout_loops_ring, basic_altar, chequers_big_river,
          uniq_crazy_yiuf_cottage
D:3:      kennysheep_six_static_rooms, layout_basic
D:4:      layout_cave_pods, chequers_temple_overflow_statue_of_worship,
          mainiacjoe_overflow_cross_hatched, minmay_temple_entry_overgrown
Temple:   nicolae_temple_x_marks_the_god

Skill      XL: |  1  2  3  4  5  6 |
---------------+-------------------+-----
Axes           | 2 3 4 5 |  5.9
Fighting       | 4 |  4.0
Armour         | |  3.2
Shields        | |  3.2

Action                     |  1- 3 |  4- 6 || total
---------------------------+-------+-------++-------
  Melee: War axe           |   113 |   225 ||   338
    Use: Potion            |     1 |     1 ||     2
         Scroll            |       |     7 ||     7
 Armour: Scale mail        |    65 |    59 ||   124
         Chain mail        |       |    38 ||    38
  Dodge: Dodged            |    48 |   115 ||   163
  Block: Buckler           |    21 |    37 ||    58

Table legend:
 A = Non-vault XP
 B = Vault XP
 C = Vault XP percentage of total XP
 D = Non-vault monster count
 E = Vault monster count
 F = Vault count percentage of total count
                 A         B        C        D         E       F
            +---------+---------+-------+---------+---------+-------
      Total |     481 |      21 |   4.2 |      92 |      13 |  12.4
            +---------+---------+-------+---------+---------+-------
        D:1 |      54 |       0 |   0.0 |      31 |       0 |   0.0
        D:2 |      45 |       9 |  16.7 |      18 |       7 |  28.0
        D:3 |      70 |      12 |  14.6 |      22 |       6 |  21.4
        D:4 |     312 |       0 |   0.0 |      21 |       0 |   0.0
            +---------+---------+-------+---------+---------+-------
